 Dungeon Crawl Stone Soup version 0.21-a0-538-gd16b88a (webtiles) character file.

67 theanonym the Chopper (level 4, 0/41 HPs)
             Began as a Hill Orc Monk on Dec 16, 2017.
             Slain by a centaur (2 damage)
             ... on level 4 of the Dungeon.
             The game lasted 00:03:03 (1626 turns).

theanonym the Chopper (Hill Orc Monk)               Turns: 1626, Time: 00:03:04

Health: 0/41       AC:  3    Str: 11 (14) XL:     4   Next: 16%
Magic:  4/4        EV: 12    Int:  8 (10) God:
Gold:   97         SH:  0    Dex: 11 (13) Spells: 3/3 levels left

rFire    . . .     SeeInvis .   a - +0 hand axe
rCold    . . .     Gourm    .   (no shield)
rNeg     . . .     Faith    .   b - +1 robe {0}
rPois    .         Spirit   .   (no helmet)
rElec    .         Reflect  .   (no cloak)
rCorr    .         Harm     .   (no gloves)
MR       .....                  (no boots)
Stlth    ++........             (no amulet)
HPRegen  0.13/turn              (no ring)
MPRegen  0.09/turn              (no ring)

@: no status effects
A: no striking features
a: no special abilities


   Skills:
 + Level 4.4 Fighting
 * Level 5.8 Axes
 - Level 2.4 Dodging
 - Level 1.5 Stealth


You had 3 spell levels left.
You didn't know any spells.

Skill      XL: |  1  2 |
---------------+-------+-----
Fighting       | 4 |  4.4
Axes           | 5 |  5.8
Dodging        | |  2.4
Stealth        | |  1.5

Action                   |  1- 3 |  4- 6 || total
-------------------------+-------+-------++-------
Melee: Hand axe          |   107 |    10 ||   117
  Use: Scroll            |     2 |     3 ||     5
       Potion            |     1 |     2 ||     3
 Stab: Sleeping          |     4 |       ||     4
  Eat: Chunk             |     1 |     1 ||     2
Armor: Robe              |    10 |     1 ||    11
Dodge: Dodged            |    73 |     9 ||    82

Inventory:

Hand Weapons
 a - a +0 hand axe (weapon)
Armour
 b - a +1 robe (worn) {0}
Jewellery
 h - an uncursed amulet of regeneration {unknown}
   (You found it on level 1 of the Dungeon)
Scrolls
 f - a scroll of remove curse
 j - a scroll of identify {unknown}
Potions
 c - a potion of degeneration
Comestibles
 e - a royal jelly
 m - a bread ration


You were on level 4 of the Dungeon.
You were not hungry.

You visited 1 branch of the dungeon, and saw 3 of its levels.

You collected 97 gold pieces.

Dungeon Overview and Level Annotations

Branches:
Dungeon (2/15)

Altars:
Xom


Message History

The hound bites you but does no damage.
You hit the hound but do no damage. The hound misses you. The hound bites you.
* * * LOW HITPOINT WARNING * * *
You take 5 damage, and have 12/33 hp.
It was a potion of agility.
You feel agile all of a sudden. The hound closely misses you.
You hit the hound. The hound barely misses you.
The hound completely misses you.
You closely miss the hound.
The hound stops to sniff the ground.
The hound misses you.
You hit the hound. The hound misses you. The hound closely misses you.
You miss the hound. The hound completely misses you.
A quokka skeleton comes into view.
You hit the hound. The hound misses you. The hound closely misses you.
You closely miss the hound. The hound misses you.
You barely miss the hound. The hound closely misses you. x2
You hit the hound. The hound bites you.
* * * LOW HITPOINT WARNING * * *
The hound misses you.
You take 3 damage, and have 10/33 hp.
You hit the hound.
You kill the hound!
You have reached level 4!
You regained 3 hp, and now have 13/41 hp.
MP restored: 4 You hit the quokka skeleton.
The quokka skeleton completely misses you.
You hit the quokka skeleton.
You destroy the quokka skeleton!
You start resting.
Eating one of 4 chunks of flesh.
You eat one of the 4 chunks of flesh.
You regained 4 hp, and now have 17/41 hp.
You start resting.
You feel a little less agile now.
You start resting.
All of the chunks of flesh in your inventory have rotted away.
You regained 13 hp, and now have 32/41 hp.
You start resting.
Health restored: 41
f - a scroll of remove curse A frilled lizard comes into view.
The centaur shouts!
The centaur drinks a potion.
The centaur suddenly seems more agile.
The frilled lizard hisses angrily.
The centaur wields a shortbow.
The centaur shoots an arrow.
The arrow hits you.
You see here an arrow.
You take 4 damage, and have 37/41 hp.
The frilled lizard bites you.
You take 1 damage, and have 36/41 hp.
The frilled lizard misses you. The frilled lizard barely misses you.
You closely miss the frilled lizard. The frilled lizard bites you.
You take 2 damage, and have 35/41 hp.
It was a potion of heal wounds.
You feel much better. The frilled lizard misses you.
Health restored: 41 You hit the frilled lizard.
You kill the frilled lizard!
The centaur shoots an arrow.
The arrow hits you but does no damage.
The centaur unwields an uncursed shortbow.
The centaur hits you! The centaur hits you.
You take 8 damage, and have 33/41 hp.
You hit the centaur. The centaur hits you.
You take 1 damage, and have 32/41 hp.
You closely miss the centaur. The centaur hits you. x2
You take 6 damage, and have 26/41 hp.
You hit the centaur. The centaur hits you.
You take 5 damage, and have 21/41 hp.
You hit the centaur. The centaur hits you.
* * * LOW HITPOINT WARNING * * *
The centaur hits you!
* * * LOW HITPOINT WARNING * * *
You take 12 damage, and have 9/41 hp.
MASSIVE DAMAGE!!
You are too injured to fight recklessly!
You are too injured to fight recklessly!
It was a potion of degeneration.
There was something very wrong with that liquid.
You feel weakened.
You feel dopey.
You feel clumsy. The centaur barely misses you.
You aren't carrying any items that you can evoke.
As you read the scroll labeled KIDUPORCHU ESHRI, it crumbles to dust.
The dust glows faint lime green!
It was a scroll of random uselessness.
The centaur barely misses you. x2
You hit the centaur but do no damage. The centaur misses you.
You barely miss the centaur. The centaur hits you.
* * * LOW HITPOINT WARNING * * *
The centaur hits you.
* * * LOW HITPOINT WARNING * * *
You take 8 damage, and have 1/41 hp.
As you read the scroll labeled AGUAHUFUCS, it crumbles to dust.
The creatures around you are filled with an inner flame!
It was a scroll of immolation.
The centaur completely misses you.
As you read the scroll labeled ZEMAADD XUMIUD, it crumbles to dust.
It is a scroll of enchant armour.
Your +0 robe {0} glows green for a moment.
The centaur hits you.
You die...

#........รท .....(..c.
....#..## . ##.## #..#
##.## #..#
...################.###
.......(@c........(...#
..############........#
#........# #........#
##########


You could see a centaur (inner flame).

Notes
Turn   | Place    | Note
-------+----------+-------------------------------------------
     0 | D:1      | theanonym the Hill Orc Monk began the quest for the Orb.
     0 | D:1      | Reached XP level 1. HP: 19/19 MP: 1/1
   243 | D:1      | Reached XP level 2. HP: 22/27 MP: 2/2
   410 | D:1      | HP: 13/27 [goblin/dagger (1)]
   443 | D:1      | HP: 9/27 [kobold/whip (1)]
   685 | D:1      | Reached skill level 4 in Fighting
  1055 | D:2      | Reached skill level 5 in Axes
  1172 | D:2      | Found a shimmering altar of Xom.
  1173 | D:2      | Found a shimmering altar of Xom.
  1173 | D:2      | Found a shimmering altar of Xom.
  1174 | D:2      | Found a shimmering altar of Xom.
  1184 | D:2      | Found a shimmering altar of Xom.
  1197 | D:2      | Reached XP level 3. HP: 25/33 MP: 3/3
  1294 | D:2      | You fall through a shaft for 2 floors!
  1328 | D:4      | Noticed a centaur
  1364 | D:4      | HP: 12/33 [hound (5)]
  1373 | D:4      | HP: 10/33 [hound (3)]
  1374 | D:4      | Reached XP level 4. HP: 13/41 MP: 4/4
  1620 | D:4      | HP: 16/41 [centaur (5)]
  1624 | D:4      | HP: 4/41 [centaur (5)]
  1624 | D:4      | HP: 1/41 [centaur (3)]
  1626 | D:4      | Slain by a centaur

Vanquished Creatures
  A hound (D:4)
  An adder (D:4)
  A dart slug (D:1)
  3 leopard geckos (D:1)
  2 goblins (D:1)
  3 hobgoblins
  A kobold (D:1)
  A ball python (D:1)
  A bat (D:1)
  4 frilled lizards
  2 quokka skeletons (D:4)
  4 rats
24 creatures vanquished.

Table legend:
 A = Turns spent in this place as a percentage of turns spent in the entire game.
 B = Non-inter-level travel turns spent in this place as a percentage of non-inter-level travel turns spent in the entire game.
 C = Inter-level travel turns spent in this place as a percentage of turns spent in this place.
 D = Turns resting spent in this place as a percentage of non-inter-level travel turns spent in this place.
 E = Turns spent auto-exploring this place as a percentage of non-inter-level travel turns spent in this place.
 F = Non-inter-level travel turns spent in this place divided by the number of levels of this place that you've seen.
                   A       B       C       D       E      F
               +-------+-------+-------+-------+-------+----------------------
         Total | 100.0 | 100.0 |   0.1 |  46.8 |  36.9 | 541.7
       Dungeon | 100.0 | 100.0 |   0.1 |  46.8 |  36.9 | 541.7
               +-------+-------+-------+-------+-------+----------------------
